 Dungeon Crawl Stone Soup version 0.31-a0-875-g02e7d12df6 (webtiles) character file.

Game seed: 16772067107582587123

46592 GigaChad the Cleaver (level 14, -2/82 HPs) *EXPLORE*
             Began as a Kobold Fighter on Oct 12, 2023.
             Was an Initiate of Gozag.
             Slain by a polar bear (18 damage)
             ... on level 5 of the Lair of Beasts.
             The game lasted 00:25:53 (21869 turns).

GigaChad the Cleaver (Kobold Fighter)              Turns: 21869, Time: 00:25:55

Health: -2/82      AC: 15    Str: 28    XL:     14   Next: 77%
Magic:  14/14      EV: 14    Int:  8    God:    Gozag
Gold:   2278       SH: 11    Dex: 14    Spells: 13/13 levels left

rFire   + . .        a - +4 war axe (heavy)
rCold   + . .        c - +1 kite shield
rNeg    + + +        D - +4 chain mail "Anylied" {Str+3 Int+3}
rPois   +            G - -2 hat of the Alchemist {rElec rPois rF+ rC+ rN+ Will+ rMut rCorr}
rElec   +            (no cloak)
rCorr   +            b - +1 pair of gloves of Fedhas's Pride {rN++ Int-4 SInv}
SInv    +            (no boots)
Will    ++...        (no amulet)
Stlth   +++          o - +6 ring of strength
HPRegen 0.33/turn    (no ring)
MPRegen 0.14/turn

%: resist mutation
@: gold aura
A: small, no large weapons, nightstalker 3
a: Renounce Religion, Potion Petition, Call Merchant, Bribe Branch


You were on level 5 of the Lair of Beasts.
You worshipped Gozag.
Gozag was most pleased with you.
You visited 3 branches of the dungeon, and saw 17 of its levels.
You also visited: Bailey.

You collected 3722 gold pieces.
You spent 1321 gold pieces at shops.
You paid 123 gold pieces to Gozag.

Inventory:

Hand Weapons
 a - a +4 heavy war axe (weapon)
 g - a +6 club
Armour
 b - the +1 pair of gloves of Fedhas's Pride (worn) {rN++ Int-4 SInv}
   (You found it on level 7 of the Dungeon)

   Int-4:     It affects your intelligence (-4).
   rN++:      It greatly protects you from negative energy.
   SInv:      It lets you see invisible.
 c - a +1 kite shield (worn)
 u - a +0 helmet
 D - the +4 chain mail "Anylied" (worn) {Str+3 Int+3}
   (You found it in a bailey)

   Str+3:     It affects your strength (+3).
   Int+3:     It affects your intelligence (+3).
 F - a +1 plate armour of positive energy
 G - the -2 hat of the Alchemist (worn) {rElec rPois rF+ rC+ rN+ Will+ rMut rCorr}
   (You bought it in a shop on level 11 of the Dungeon)

   rF+:       It protects you from fire.
   rC+:       It protects you from cold.
   rElec:     It insulates you from electricity.
   rPois:     It protects you from poison rN+: It protects you from negative
   energy.
   Will+:     It increases your willpower.
   rCorr:     It protects you from acid and corrosion.
   rMut:      It protects you from mutation.
Jewellery
 f - an amulet of magic regeneration
 o - a +6 ring of strength (left hand)
 E - a ring of willpower
 Q - an amulet of guardian spirit
Talismans
 A - a blade talisman
Wands
 i - a wand of quicksilver (10)
 t - a wand of polymorph (8)
 x - a wand of charming (9)
 J - a wand of iceblast (6)
 L - a wand of flame (5)
Scrolls
 h - 2 scrolls of vulnerability
 j - 6 scrolls of blinking
 k - 7 scrolls of identify
 m - a scroll of poison
 n - 9 scrolls of teleportation
 y - a scroll of revelation
 H - 2 scrolls of noise
 I - a scroll of immolation {unknown}
 N - a scroll of brand weapon
 O - a scroll of amnesia
Potions
 d - 4 potions of might
 e - a potion of magic {unknown}
 l - 3 potions of attraction
 p - 6 potions of heal wounds {unknown}
 q - 2 potions of resistance {unknown}
 r - 2 potions of curing {unknown}
 s - 2 potions of mutation {unknown}
 v - a potion of enlightenment {unknown}
 w - 2 potions of brilliance {unknown}
 z - a potion of invisibility {unknown}
 B - 2 potions of haste {unknown}
 C - 2 potions of lignification {unknown}
 K - a potion of ambrosia {unknown}
 M - a potion of degeneration {unknown}
Miscellaneous
 P - a lightning rod (4/4)


   Skills:
 + Level 7.3 Fighting
 * Level 11.3(12.0) Axes
 * Level 6.3(9.7) Polearms
 * Level 9.1 Armour
 * Level 8.8 Dodging
 * Level 10.8 Stealth
 * Level 7.5 Shields
 * Level 7.1 Evocations
 * Level 5.1 Shapeshifting


You had 13 spell levels left.
You didn't know any spells.
Your spell library contained the following spells:

 Spells                   Type           Power      Damage    Failure   Level
 Apportation              Tloc           0%         N/A       95%         1
 Kiss of Death            Conj/Necr      0%         2d5       95%         1
 Shock                    Conj/Air       0%         1d3       95%         1
 Cigotuvi's Dreadful Rot  Necr/Pois/Air  0%         N/A       99%         2
 Confusing Touch          Hex            0%         N/A       100%        3
 Ignite Poison            Fire/Tmut/Pois 0%         N/A       100%        3
 Ozocubu's Armour         Ice            0%         N/A       100%        3
 Stone Arrow              Conj/Erth      0%         3d7       100%        3
 Swiftness                Air            0%         N/A       100%        3
 Tukima's Dance           Hex            0%         N/A       100%        3
 Airstrike                Air            0%         2d(0-16)  100%        4
 Animate Armour           Summ/Erth      0%         N/A       100%        4
 Dispel Undead            Necr           0%         3d6       100%        4
 Passage of Golubria      Tloc           0%         N/A       100%        4
 Freezing Cloud           Conj/Ice/Air   0%         6-21      100%        5
 Yara's Violent Unravell  Hex/Tmut       0%         3d3       100%        5
 Ozocubu's Refrigeration  Ice            0%         4d7       100%        7
 Lehudib's Crystal Spear  Conj/Erth      0%         10d2      100%        8


Dungeon Overview and Level Annotations

Branches:
Dungeon (11/15)            Temple (1/1) D:6            Lair (5/5) D:11
  Swamp (0/4) Lair:3       Spider (0/4) Lair:3          Orc (0/2) D:11
 Bailey (visited)
  Slime: Lair:4-5

Altars:
Ashenzari
Cheibriados
Dithmenos
Elyvilon
Fedhas
Gozag
Hepliaklqana
Kikubaaqudgha
Makhleb
Nemelex Xobeh
Okawaru
Qazlal
Ru
Sif Muna
Trog
Uskayaw
Vehumet
Wu Jian
Xom
Yredelemnul
Zin
The Shining One

Shops:
D:7 *   D:11 *


Innate Abilities, Weirdness & Mutations

You are small and have problems with some larger weapons.
You are completely attuned to the shadows.


Message History

The polar bear claws you but does no damage.
The polar bear claws you.
The black bear bites you but does no damage.
You block the black bear's attack. x2; The polar bear completely misses you.
You block the polar bear's attack. The polar bear barely misses you.
Unknown command.
You hit the polar bear but do no damage.
The polar bear is heavily wounded.
You hit the black bear.
The black bear bites you but does no damage.
The black bear claws you but does no damage.
The black bear closely misses you.
The polar bear bites you but does no damage.
The polar bear claws you but does no damage.
You block the polar bear's attack. The black bear barely misses you.
You block the black bear's attack. The black bear claws you.
You slice the polar bear!!
The polar bear is almost dead.
You slice the black bear!!
You kill the black bear!
The polar bear goes berserk!
Unknown command.
You hit the polar bear but do no damage.
The polar bear is almost dead.
The polar bear barely misses you. You block the polar bear's attack.
The polar bear closely misses you. The polar bear bites you.
* * * LOW HITPOINT WARNING * * *
The polar bear claws you.
* * * LOW HITPOINT WARNING * * *
The polar bear claws you but does no damage.
You hit the polar bear.
The polar bear is almost dead.
The polar bear bites you.
* * * LOW HITPOINT WARNING * * *
You block the polar bear's attack.
The polar bear claws you but does no damage.
You block the polar bear's attack. The polar bear closely misses you.
You block the polar bear's attack. The polar bear bites you!!
You die...
Your body crumbles into a pile of gold.

♣...♣.♣
........
♣♣...♣♣
. ♣♣...♣
. ♣...♣
.
♣♣♣..♣♣
.
......♣
.
.h...♣♣
.
..♣♣h.♣♣
. .♣
♣@..♣ .
♣♣$.♣ .
♣... #
... ..


You could see a polar bear (berserk).

Vanquished Creatures
  Kirke (Lair:5)
  The ghost of promet the Arsonist, a journeyman DgFE (Lair:1)
  3 hydras
  2 two-headed ogres
  2 boulder beetles
  A catoblepas (Lair:4)
  6 death yaks (Lair:3)
  3 skysharks
  An orc knight (Bailey)
  A deep elf pyromancer (Bailey)
  2 manticores (D:11)
  9 elephants
  A black mamba (Lair:2)
  Maurice (D:11)
  6 cane toads
  A rime drake (Lair:5)
  6 komodo dragons
  2 burning bushes (Lair:3)
  5 polar bears
  3 trolls
  4 hornets (Lair:5)
  The ghost of croobank the Firebug, an amateur DsFE of Uskayaw (D:4)
  7 blink frogs
  7 dream sheep (Lair:4)
  A shadow (D:11)
  7 spriggans (Lair:5)
  2 wyverns
  35 yaks
  A wraith (D:9)
  7 hogs (Lair:5)
  A basilisk (Lair:2)
  2 steam dragons
  2 redbacks (Lair:3)
  8 vampire mosquitoes
  Menkaure (D:6)
  A warg (D:11)
  An acid dragon (D:10)
  12 water moccasins
  10 orc warriors
  3 ice beasts
  2 sky beasts (D:7)
  11 black bears
  16 wolves
  2 boggarts (Lair:5)
  2 ogres
  3 centaurs
  4 phantoms
  3 kobold brigands
  8 bullfrogs
  A scorpion (D:7)
  A gnoll sergeant (D:10)
  2 water moccasin zombies (D:6)
  12 wights
  30 killer bees
  8 electric eels
  2 centaur zombies (D:4)
  5 howler monkeys
  2 bullfrog zombies (D:6)
  A centaur skeleton (D:4)
  4 hounds
  A jelly (D:6)
  6 orc priests
  2 bullfrog skeletons
  An iguana (D:6)
  A gnoll bouda (D:6)
  Jessica (D:2)
  A sleepcap (D:7)
  7 orc wizards
  9 adders
  12 gnolls
  3 howler monkey skeletons (D:6)
  2 shadow imps
  2 white imps
  A worm (D:2)
  4 dart slugs
  37 orcs
  5 endoplasms
  3 giant cockroaches
  10 goblins
  5 hobgoblins
  26 kobolds
  3 quokkas
  5 ball pythons
  4 bats
  2 frilled lizards
  4 rats
446 creatures vanquished.

Notes
Turn   | Place    | Note
-------+----------+-------------------------------------------
     0 | D:1      | GigaChad the Kobold Fighter began the quest for the Orb.
     0 | D:1      | Reached XP level 1. HP: 14/14 MP: 1/1
     0 | D:1      | Entered explore mode.
   166 | D:1      | Reached XP level 2. HP: 19/19 MP: 2/2
   737 | D:2      | Reached XP level 3. HP: 19/23 MP: 3/3
   817 | D:2      | Noticed Jessica
   822 | D:2      | HP: 1/23 [Jessica/+6 club (9)]
   827 | D:2      | Slain by Jessica
                  | ... wielding a +6 club
                  | (6 damage)
   828 | D:2      | Killed Jessica
   829 | D:2      | Reached skill level 2 in Axes
   829 | D:2      | Reached skill level 1 in Stealth
   829 | D:2      | Reached XP level 4. HP: 28/28 MP: 4/4
   990 | D:2      | Found a blossoming altar of Fedhas.
  1239 | D:2      | Found a faded altar of an unknown god.
  1271 | D:2      | Reached skill level 1 in Dodging
  1534 | D:3      | Reached XP level 5. HP: 28/32 MP: 5/5
  2394 | D:4      | HP: 1/28 [wight/+0 long sword (11)]
  2394 | D:4      | Slain by a wight
                  | ... wielding a +3 dire flail
                  | (4 damage)
  2396 | D:4      | Mangled by a wight
                  | ... wielding a +4 great sword
                  | (17 damage)
  2396 | D:4      | Slain by a wight
                  | ... wielding a +4 great sword
                  | (14 damage)
  2397 | D:4      | Slain by a wight
                  | ... wielding a +3 dire flail
                  | (1 damage)
  2399 | D:4      | Slain by a wight
                  | ... wielding a +4 great sword
                  | (13 damage)
  2399 | D:4      | Slain by a wight
                  | ... wielding a +4 dagger
                  | (5 damage)
  2401 | D:4      | Slain by a wight
                  | ... wielding a +4 great sword
                  | (6 damage)
  2401 | D:4      | Slain by a wight
                  | ... wielding a +3 dire flail
                  | (12 damage)
  2401 | D:4      | Slain by a wight
                  | ... wielding a +4 dagger
                  | (8 damage)
  2401 | D:4      | Slain by a wight
                  | ... wielding a +0 long sword
                  | (9 damage)
  2402 | D:4      | Slain by a wight
                  | ... wielding a +3 dire flail
                  | (7 damage)
  2402 | D:4      | Mangled by a wight
                  | ... wielding a +4 great sword
                  | (9 damage)
  2403 | D:4      | Slain by a wight
                  | ... wielding a +0 long sword
                  | (10 damage)
  2404 | D:4      | Reached skill level 1 in Polearms
  2404 | D:4      | Mangled by a wight
                  | ... wielding a +4 dagger
                  | (9 damage)
  2404 | D:4      | Mangled by a wight
                  | ... wielding a +3 dire flail
                  | (13 damage)
  2404 | D:4      | Slain by a wight
                  | ... wielding a +3 dire flail
                  | (5 damage)
  2405 | D:4      | Mangled by a wight
                  | ... wielding a +3 dire flail
                  | (7 damage)
  2405 | D:4      | Slain by a wight
                  | ... wielding a +3 dire flail
                  | (2 damage)
  2406 | D:4      | Reached skill level 3 in Axes
  2406 | D:4      | Reached XP level 6. HP: 4/15 MP: 6/6
  2406 | D:4      | Slain by a wight
                  | ... wielding a +3 dire flail
                  | (1 damage)
  2408 | D:4      | Slain by a wight
                  | ... wielding a +4 dagger
                  | (6 damage)
  2410 | D:4      | Reached XP level 7. HP: 7/29 MP: 7/7
  2412 | D:4      | HP: 1/29 [wight/+3 dagger (7)]
  2412 | D:4      | Slain by a wight
                  | ... wielding a +3 dagger
                  | (1 damage)
  2418 | D:4      | Slain by a wight
                  | ... wielding a +3 dagger
                  | (2 damage)
  2424 | D:4      | Slain by a wight
                  | ... wielding a +3 dagger
                  | (4 damage)
  2464 | D:4      | Slain by an orc priest
                  | ... wielding a +0 flail
                  | (4 damage)
  2663 | D:4      | Killed from afar by an orc wizard (6 damage)
                  | ... with a magic dart
  2769 | D:4      | Found a runed translucent gate.
  2771 | D:4      | Found a runed translucent gate.
  2772 | D:4      | Found a runed translucent gate.
  3061 | D:4      | Noticed croobank's ghost (amateur DsFE)
  3067 | D:4      | Slain by croobank's ghost (6 damage)
  3076 | D:4      | Reached skill level 4 in Axes
  3149 | D:4      | Killed croobank's ghost
  3150 | D:4      | Reached XP level 8. HP: 37/48 MP: 8/8
  3222 | D:5      | Entered Level 5 of the Dungeon
  3689 | D:5      | Reached skill level 5 in Axes
  4061 | D:5      | Reached XP level 9. HP: 43/52 MP: 9/9
  4787 | D:6      | Reached skill level 6 in Axes
  4787 | D:6      | Reached skill level 5 in Stealth
  4997 | D:6      | Slain by a wight
                  | ... wielding a +3 dagger
                  | (4 damage)
  5001 | D:6      | Reached skill level 5 in Armour
  5143 | D:6      | Noticed Menkaure
  5151 | D:6      | Killed Menkaure
  5876 | D:6      | Slain by a steam dragon (5 damage)
  5882 | D:6      | Reached XP level 10. HP: 14/58 MP: 10/10
  6073 | D:6      | Found a staircase to the Ecumenical Temple.
  6152 | Temple   | Entered the Ecumenical Temple
  6206 | Temple   | Became a worshipper of Gozag Ym Sagoz the Greedy
  6366 | D:7      | Succumbed to a killer bee's poison
  6372 | D:7      | HP: 2/58 [killer bee (2)]
  6373 | D:7      | Succumbed to a killer bee's poison
  6383 | D:7      | Reached skill level 5 in Dodging
  6582 | D:7      | Found a bloodstained altar of Trog.
  6585 | D:7      | Got a moth-eaten book
  6671 | D:7      | Identified the +1 pair of gloves of Fedhas's Pride {rN++
                  | Int-4 SInv}
  6753 | D:7      | Found Obony's Assorted Antiques.
  6895 | D:7      | Reached skill level 7 in Axes
  6898 | D:7      | Slain by an orc warrior
                  | ... wielding a +0 long sword of electrocution
                  | (19 damage)
  6913 | D:7      | Slain by an orc warrior
                  | ... wielding a +0 long sword of electrocution
                  | (12 damage)
  7430 | D:8      | HP: 1/58 [poisoned by a killer bee]
  7430 | D:8      | Slain by a centaur (3 damage)
  7642 | D:8      | Reached skill level 1 in Evocations
  7642 | D:8      | Reached skill level 1 in Shapeshifting
  7928 | D:8      | Reached skill level 5 in Fighting
  7930 | D:8      | Found a blossoming altar of Fedhas.
  8485 | D:9      | Reached skill level 5 in Shields
  8485 | D:9      | Reached XP level 11. HP: 8/63 MP: 11/11
  8656 | D:9      | Identified the +3 leather armour of Knowledge {rElec}
  8696 | D:9      | HP: 2/63 [yak (3)]
  8701 | D:9      | Mangled by a yak (9 damage)
  8758 | D:9      | Reached skill level 8 in Axes
  8974 | D:9      | Killed from afar by an electric eel (14 damage)
                  | ... with a bolt of electricity
  9002 | D:9      | Killed from afar by an electric eel (14 damage)
                  | ... with a bolt of electricity
  9970 | D:9      | HP: 1/64 [troll (9)]
  9970 | D:9      | Slain by a troll (5 damage)
 10108 | D:9      | HP: 2/64 [electric eel/bolt of electricity (7)]
 10109 | D:9      | Slain by a yak (4 damage)
 10112 | D:9      | Killed from afar by an electric eel (16 damage)
                  | ... with a bolt of electricity
 10116 | D:9      | Slain by a yak (11 damage)
 10126 | D:9      | Mangled by a yak (13 damage)
 10138 | D:9      | HP: 2/64 [yak (6)]
 10139 | D:9      | Killed from afar by an electric eel (9 damage)
                  | ... with a bolt of electricity
 10169 | D:9      | Noticed a two-headed ogre
 10181 | D:9      | Mangled by a two-headed ogre
                  | ... wielding a +0 giant club
                  | (16 damage)
 10187 | D:9      | HP: 1/64 [two-headed ogre/+0 giant club (14)]
 10189 | D:9      | Slain by a two-headed ogre
                  | ... wielding a +0 giant club
                  | (3 damage)
 10190 | D:9      | Killed a two-headed ogre
 10801 | D:10     | Entered Level 10 of the Dungeon
 10868 | D:10     | Found a flagged portal.
 10874 | Bailey   | Entered a bailey
 11151 | Bailey   | Found a large runed translucent door.
 11157 | Bailey   | Found a large runed translucent door.
 11157 | Bailey   | Noticed a deep elf pyromancer
 11157 | Bailey   | Noticed an orc knight
 11171 | Bailey   | HP: 1/64 [orc knight/+0 halberd (16)]
 11175 | Bailey   | Slain by an orc knight
                  | ... wielding a +0 halberd
                  | (6 damage)
 11187 | Bailey   | Slain by an orc knight
                  | ... wielding a +0 halberd
                  | (12 damage)
 11205 | Bailey   | Slain by an orc knight
                  | ... wielding a +0 halberd
                  | (7 damage)
 11210 | Bailey   | Slain by an orc knight
                  | ... wielding a +0 halberd
                  | (10 damage)
 11223 | Bailey   | HP: 1/64 [orc knight/+0 halberd (12)]
 11224 | Bailey   | Mangled by an orc knight
                  | ... wielding a +0 halberd
                  | (12 damage)
 11230 | Bailey   | Killed an orc knight
 11533 | Bailey   | Killed a deep elf pyromancer
 11551 | Bailey   | Identified the +4 chain mail "Anylied" {Str+3 Int+3}
 11757 | D:10     | HP: 2/64 [gnoll sergeant/+0 spear (8)]
 12439 | D:10     | Found an ancient bone altar of Kikubaaqudgha.
 12440 | D:10     | Found a snail-covered altar of Cheibriados.
 12444 | D:10     | Found a hide-covered altar of Uskayaw.
 12460 | D:10     | Reached XP level 12. HP: 12/68 MP: 12/12
 12464 | D:10     | Found a hazy altar of Hepliaklqana.
 12467 | D:10     | HP: 3/68 [poisoned by a killer bee]
 12679 | D:10     | Found an iron altar of Okawaru.
 12682 | D:10     | Found an ornate altar of the Wu Jian Council.
 12684 | D:10     | Found a shimmering blue altar of Sif Muna.
 12780 | D:10     | HP: 1/68 [yak (11)]
 12798 | D:10     | Killed from afar by an acid dragon (11 damage)
                  | ... with a splash of acid
 13063 | D:11     | Found Tyumeu Enol's Assorted Antiques.
 13068 | D:11     | Bought the -2 hat of the Alchemist {rElec rPois rF+ rC+ rN+
                  | Will+ rMut rCorr} for 1321 gold pieces
 13068 | D:11     | Found the -2 hat of the Alchemist {rElec rPois rF+ rC+ rN+
                  | Will+ rMut rCorr}
 13157 | D:11     | Reached skill level 9 in Axes
 13165 | D:11     | HP: 2/68 [troll (5)]
 13167 | D:11     | Slain by a troll (8 damage)
 13181 | D:11     | Slain by a wolf (5 damage)
 13478 | D:11     | Reached skill level 5 in Polearms
 13677 | D:11     | Noticed a boulder beetle
 13721 | D:11     | Slain by a boulder beetle (9 damage)
 13724 | D:11     | Killed a boulder beetle
 13731 | D:11     | Found a staircase to the Lair.
 13800 | D:11     | Found a staircase to the Orcish Mines.
 13837 | D:11     | Killed from afar by a manticore (8 damage)
                  | ... with a volley of spikes
 14666 | D:11     | Noticed a two-headed ogre
 14674 | D:11     | Killed a two-headed ogre
 14772 | D:11     | Noticed Maurice
 14776 | D:11     | Killed Maurice
 14843 | Lair:1   | Entered Level 1 of the Lair of Beasts
 15174 | Lair:1   | Found a runed translucent gate.
 15174 | Lair:1   | Found a runed translucent gate.
 15174 | Lair:1   | Noticed promet's ghost (journeyman DgFE)
 15175 | Lair:1   | Found a runed translucent gate.
 15225 | Lair:1   | Slain by a komodo dragon (19 damage)
 15247 | Lair:1   | Reached XP level 13. HP: 48/74 MP: 13/13
 15280 | Lair:1   | Reached skill level 5 in Evocations
 16066 | Lair:1   | Killed promet's ghost
 16067 | Lair:1   | Reached skill level 10 in Axes
 17177 | Lair:3   | Noticed a six-headed hydra
 17183 | Lair:3   | Slain by an elephant (13 damage)
 17186 | Lair:3   | Killed a ten-headed hydra
 17261 | Lair:3   | HP: 2/75 [death yak (21)]
 17261 | Lair:3   | Slain by a death yak (3 damage)
 17264 | Lair:3   | Slain by a death yak (20 damage)
 17279 | Lair:3   | Slain by a death yak (15 damage)
 18128 | Lair:3   | Slain by a skyshark (22 damage)
 18490 | Lair:3   | Found a hole to the Spider Nest.
 18560 | Lair:3   | Found a staircase to the Swamp.
 18575 | Lair:3   | HP: 2/76 [vampire mosquito (2)]
 18576 | Lair:3   | Slain by a vampire mosquito (6 damage)
 18813 | Lair:3   | Reached XP level 14. HP: 69/80 MP: 14/14
 19222 | Lair:4   | Reached skill level 10 in Stealth
 19239 | Lair:4   | HP: 1/80 [polar bear (6)]
 19917 | Lair:4   | You fall into a shaft and drop 1 floor!
 19917 | Lair:5   | Entered Level 5 of the Lair of Beasts
 19977 | Lair:5   | Slain by a seven-headed hydra (11 damage)
 19980 | Lair:5   | Slain by a nine-headed hydra (9 damage)
 19983 | Lair:5   | Slain by a 12-headed hydra (10 damage)
 19986 | Lair:5   | HP: 4/80 [14-headed hydra (2)]
 19986 | Lair:5   | Mangled by a 14-headed hydra (13 damage)
 19988 | Lair:5   | HP: 1/80 [15-headed hydra (4)]
 19989 | Lair:5   | Slain by a 16-headed hydra (3 damage)
 19991 | Lair:5   | Mangled by an 18-headed hydra (11 damage)
 19992 | Lair:5   | Mangled by an 18-headed hydra (11 damage)
 19994 | Lair:5   | HP: 1/80 [20-headed hydra (8)]
 19994 | Lair:5   | Mangled by a 20-headed hydra (7 damage)
 20568 | Lair:5   | Reached skill level 11 in Axes
 20750 | Lair:5   | Noticed Kirke
 20754 | Lair:5   | Noticed a sphinx
 20762 | Lair:5   | Killed Kirke
 20763 | Lair:5   | Reached skill level 5 in Shapeshifting
 21631 | Lair:5   | HP: 3/82 [spriggan rider/+0 spear (5)]
 21632 | Lair:5   | Mangled by a ten-headed hydra (10 damage)
 21635 | Lair:5   | Slain by a spriggan rider
                  | ... wielding a +0 spear
                  | (19 damage)
 21869 | Lair:5   | Slain by a polar bear

Illustrated notes

Levels and vault maps discovered:
D:1:      wander_arrival_fairy_ring, layout_rooms, dk_noncrumbling_2,
          chequers_serial_rivers_small_3, due_unseen_surprise
D:2:      layout_basic, shapermc_ecumenical_altar_flowoftime, basic_altar,
          uniq_jessica
D:3:      layout_loops_ring
D:4:      layout_rooms, gammafunk_ghost_necromancy, minmay_misc_feat_iff
D:5:      layout_loops_ring
D:6:      layout_basic, minmay_temple_entry_overgrown, serial_undead,
          serial_undead_a, serial_undead_d, serial_undead_b, serial_undead_c,
          nrook_campfire, uniq_menkaure
D:7:      layout_rooms, trog_book, serial_shops, nicolae_shop_waterfront,
          hex_medium, minmay_misc_feat_tiny
D:8:      layout_loops_ring, lemuel_tele_altar, columned_hall_lemuel,
          nicolae_zen_rock_garden
D:9:      wad_lake_hut, layout_gridville
D:10:     layout_small_grid, nicolae_overflow_hallway_of_the_gods,
          enter_bailey_2
D:11:     layout_basic, erik_lair_island, david_orc_1_choice, serial_shops,
          nicolae_shop_peninsula, uniq_maurice
Temple:   compressed_dpeg_triangle_lava_temple
Lair:1:   layout_regular_city, ebering_ghost_rock_garden, beast_lair_carwin_7
Lair:2:   layout_cellular_growth, grunt_megastairs_1
Lair:3:   layout_regular_city, minmay_swamp_entry_swarm, spider_nest_entry_webs,
          evilmike_ambush [evilmike_ambush_outer_basic,
          evilmike_ambush_inner_wall_1]
Lair:4:   layout_roguey, slime_entry_2, nicolae_volcano_entry_two_sided,
          uniq_urug
Lair:5:   minmay_lair_end_enchanted_forest, layout_regular_city,
          chequers_serial_rivers_micro_c, uniq_nessos, uniq_kirke

Skill      XL: |  1  2  3  4  5  6  7  8  9 10 11 12 13 14 |
---------------+-------------------------------------------+-----
Axes           | 2 3 4 5 6 7 8 9 10 11 | 11.3
Stealth        | 1 2 3 4 5 6 7 8 9 10 | 10.8
Armour         | 3 4 5 6 7 8 9 |  9.1
Dodging        | 1 2 3 4 5 6 7 8 |  8.8
Polearms       | 1 2 3 4 5 6 |  6.3
Shields        | 3 4 5 6 7 |  7.5
Fighting       | 4 5 6 7 |  7.3
Evocations     | 1 3 4 6 7 |  7.1
Shapeshifting  | 1 2 3 4 5 |  5.1

Action                     |  1- 3 |  4- 6 |  7- 9 | 10-12 | 13-15 || total
---------------------------+-------+-------+-------+-------+-------++-------
  Melee: War axe           |    60 |   146 |   379 |   863 |   360 ||  1808
    Use: Scroll            |     4 |       |       |    13 |       ||    17
         Potion            |       |     1 |       |       |       ||     1
   Stab: Sleeping          |     3 |     3 |    10 |    10 |     8 ||    34
         Distracted        |       |       |       |     6 |     4 ||    10
 Armour: Scale mail        |    34 |   136 |   311 |    87 |       ||   568
         Plate armour      |       |       |       |   595 |       ||   595
         Chain mail        |       |       |       |   336 |   767 ||  1103
  Dodge: Dodged            |    30 |   117 |   270 |   634 |   560 ||  1611
  Block: Buckler           |     7 |    43 |    54 |       |       ||   104
         Kite shield       |       |       |   126 |   645 |   441 ||  1212

Table legend: (Time is in decaauts)
 A = Elapsed time spent in this place.
 B = Non-inter-level travel time spent in this place.
 C = Inter-level travel time spent in this place.
 D = Time resting spent in this place.
 E = Time spent auto-exploring this place.
 F = Levels seen in this place.
 G = Mean time per level.
                   A        B        C        D        E       F      G
               +--------+--------+--------+--------+--------+-----+--------+
         Total |  22579 |  22047 |    532 |   1208 |  16271 |  18 | 1254.4 |
       Dungeon |  14477 |  14065 |    412 |    705 |  10301 |  11 | 1316.1 |
        Temple |     70 |     55 |     15 |      0 |      0 |   1 |   70.0 |
          Lair |   7236 |   7132 |    104 |    102 |   5855 |   5 | 1447.2 |
        Bailey |    793 |    793 |      0 |    401 |    114 |   1 |  793.0 |
               +--------+--------+--------+--------+--------+-----+--------+

Top non-repeatable levels by time:
     D:9: 2716 daAuts
  Lair:3: 2056 daAuts
     D:6: 2042 daAuts
  Lair:5: 2022 daAuts
    D:11: 1895 daAuts
    D:10: 1412 daAuts
  Lair:1: 1318 daAuts
     D:8: 1217 daAuts
  Lair:2: 1071 daAuts
     D:5: 981 daAuts
     D:3: 902 daAuts
     D:4: 878 daAuts
     D:7: 855 daAuts
     D:2: 851 daAuts
  Bailey: 793 daAuts
